 Dungeon Crawl Stone Soup version 0.21-a0-405-gf2af9a1 (webtiles) character file.

88 Slyspawn the Chiller (level 4, 0/27 HPs)
             Began as an Octopode Ice Elementalist on Nov 1, 2017.
             Succumbed to a worker ant's poison
             ... on level 2 of the Dungeon.
             The game lasted 00:07:59 (1526 turns).

Slyspawn the Chiller (Octopode Ice Elementalist)    Turns: 1526, Time: 00:08:00

Health: 0/27       AC:  1    Str:  7    XL:     4   Next: 54%
Magic:  3/7        EV: 13    Int: 18    God:
Gold:   89         SH:  0    Dex: 12    Spells: 4/7 levels left

rFire    . . .     SeeInvis .   d - +3 dagger (speed)
rCold    . . .     Gourm    .   (no shield)
rNeg     . . .     Faith    .   (helmet restricted)
rPois    .         Spirit   .   (no amulet)
rElec    .         Reflect  .   (no ring)
rCorr    .         Harm     .   (no ring)
MR       .....                  (no ring)
Stlth    +++.......             (no ring)
HPRegen  0.09/turn              (no ring)
MPRegen  0.10/turn              (no ring)
                                (no ring)
                                (no ring)

@: lethally poisoned (0 -> -8)
A: almost no armour, stealthy swim, amphibious, 8 rings, constrict 8, camouflage
1, gelatinous body 1
a: no special abilities


You were on level 2 of the Dungeon.
You were not hungry.

You visited 1 branch of the dungeon, and saw 2 of its levels.

You collected 89 gold pieces.

Inventory:

Hand Weapons
 d - a +3 dagger of speed (weapon)
Scrolls
 e - a scroll of recharging {unknown}
 f - 2 scrolls of identify
Potions
 g - a potion of might
 i - 2 potions of agility
Books
 a - a book of Frost

   Spells                             Type                      Level
   a - Freeze                         Ice                          1
   b - Throw Frost                    Conjuration/Ice              2
   c - Ozocubu's Armour               Charms/Ice                   3
   d - Throw Icicle                   Conjuration/Ice              4
   e - Summon Ice Beast               Ice/Summoning                4
Comestibles
 b - a bread ration
 c - 2 fruits
 h - a meat ration
 j - a chunk of flesh
 l - a royal jelly


   Skills:
 + Level 0.7 Fighting
 * Level 1.1 Short Blades
 + Level 2.4 Dodging
 + Level 3.3 Stealth
 + Level 2.4 Spellcasting
 + Level 1.2 Conjurations
 + Level 4.0 Ice Magic


You had 4 spell levels left.
You knew the following spells:

 Your Spells              Type           Power        Failure   Level  Hunger
a - Freeze                Ice            ###.         3%          1    #......
b - Throw Frost           Conj/Ice       ##....       9%          2    ##.....


Dungeon Overview and Level Annotations

Branches:
Dungeon (2/15)

Altars:
Hepliaklqana
Okawaru
Wu Jian
Zin


Innate Abilities, Weirdness & Mutations

You cannot wear most types of armour.
You are very stealthy in the water. (Stealth+)
You are amphibious.
You can wear up to eight rings at the same time.
You can use your tentacles to constrict eight enemies at once.
Your skin changes colour to match your surroundings (Stealth+).
Your rubbery body absorbs attacks. (AC +1, EV +1)


Message History

You kill the giant cockroach!
The worker ant closely misses you.
Casting: Freeze
Confirm with . or Enter, or press ? or * to list all spells.
Aiming: Freeze
Press: ? - help, Shift-Dir - straight line, f - worker ant
Aim: a worker ant (moderately wounded)
You freeze the worker ant.
The worker ant is heavily wounded.
The orc warrior hits you from afar with a glaive!
* * * LOW HITPOINT WARNING * * *
The worker ant bites you.
* * * LOW HITPOINT WARNING * * *
You are lethally poisoned!
The worker ant poisons you!
* * * LOW HITPOINT WARNING * * *
You feel sick.
There is a transporter here.
You enter the transporter and appear at another place.
You die...

.#....##.#.##.©.##.#.#
..#.......#.##...##.#.#
##.#...!..(#©.†o.....#.#
.#.##+#....#.##...##.#.#
...##.#....#.##...##.#.#
...##.#....#..!)$?$..#.#
...##†#....##8$._.$8##.####
....#.####..#########.....###
.†..#.....#....a@...........#
..........##...(..#.......#.....
..........................# .###
..#.......##.............## .#
.....>....##........###.## .#
..#.......##........# #.# .
###.......##...#.#..# #....._..
############...._...# ###......
...# .# #.....


You could see an orc warrior and a worker ant.

Vanquished Creatures
  Natasha (D:2)
  3 oozes (D:1)
  A dart slug (D:1)
  3 leopard geckos
  4 giant cockroaches
  7 goblins
  3 hobgoblins
  5 kobolds
  A ball python (D:2)
  8 bats
  3 frilled lizards
  5 rats
44 creatures vanquished.

Notes
Turn   | Place    | Note
-------+----------+-------------------------------------------
     0 | D:1      | Slyspawn the Octopode Ice Elementalist began the quest for the Orb.
     0 | D:1      | Reached XP level 1. HP: 11/11 MP: 3/3
    70 | D:1      | Reached XP level 2. HP: 17/17 MP: 5/5
   235 | D:1      | Learned a level 2 spell: Throw Frost
   302 | D:1      | Reached XP level 3. HP: 19/22 MP: 1/6
  1257 | D:2      | Reached XP level 4. HP: 27/27 MP: 2/7
  1310 | D:2      | Found an iron altar of Okawaru.
  1373 | D:2      | Noticed Natasha
  1376 | D:2      | Killed Natasha
  1376 | D:2      | Reached skill level 1 in Short Blades
  1376 | D:2      | Reached skill level 4 in Ice Magic
  1432 | D:2      | Found a glowing silver altar of Zin.
  1432 | D:2      | Found a transporter.
  1433 | D:2      | Noticed an orc warrior
  1437 | D:2      | Found a transporter.
  1475 | D:2      | Found a hazy altar of Hepliaklqana.
  1491 | D:2      | Found an ornate altar of the Wu Jian Council.
  1525 | D:2      | HP: 1/27 [poisoned by a worker ant]
  1526 | D:2      | Succumbed to a worker ant's poison

Vault maps used:
D:1:      dpeg_arrival_orchard, hangedman_glass_teeth
D:2:      lemuel_crystal_altar, gammafunk_temple_overflow_arena,
          marbit_many_paths, lemuel_round_altar, first_bread, uniq_robin,
          uniq_natasha, uniq_jessica

Skill      XL: |  1  2  3  4 |
---------------+-------------+-----
Stealth        | 3 |  3.3
Short Blades   | 1 |  1.1
Ice Magic      | 4 |  4.0
Fighting       | |  0.7
Dodging        | |  2.4
Spellcasting   | |  2.4
Conjurations   | |  1.2

Action                   |  1- 3 |  4- 6 || total
-------------------------+-------+-------++-------
Melee: Dagger            |    44 |     8 ||    52
       Constrict         |     9 |     2 ||    11
       Tentacles         |     5 |       ||     5
 Cast: Freeze            |     9 |     4 ||    13
       Throw Frost       |    20 |     4 ||    24
  Use: Scroll            |     3 |       ||     3
       Potion            |     3 |       ||     3
 Stab: Sleeping          |     5 |     1 ||     6
  Eat: Chunk             |     2 |     1 ||     3
Armor: Skin              |    10 |       ||    10
Dodge: Dodged            |    24 |    12 ||    36

Table legend:
 A = Spawn XP
 B = Non-spawn XP
 C = Spawn XP percentage of total XP
 D = Spawn monster count
 E = Non-spawn monster count
 F = Spawn count percentage of total count
 G = Total turns spent on level
                    A         B        C        D         E        F      G
               +---------+---------+-------+---------+---------+-------+---------
         Total |       0 |     127 |   0.0 |       0 |      44 |   0.0 |  1526
               +---------+---------+-------+---------+---------+-------+---------
           D:1 |       0 |      67 |   0.0 |       0 |      29 |   0.0 |   928
           D:2 |       0 |      60 |   0.0 |       0 |      15 |   0.0 |   598
               +---------+---------+-------+---------+---------+-------+---------
